 Dungeon Crawl Stone Soup version 0.19-a0-459-gb8ed64d (webtiles) character file.

30 Duffy the Chopper (level 3, 22/32 HPs)
             Began as a Deep Dwarf Gladiator on June 2, 2016.
             Quit the game on level 3 of the Dungeon.
             The game lasted 00:01:13 (288 turns).

Duffy the Chopper (Deep Dwarf Gladiator)             Turns: 288, Time: 00:01:14

Health: 22/32      AC:  7    Str: 18    XL:     3   Next: 3%
Magic:  3/3        EV: 11    Int:  8    God:
Gold:   20         SH:  0    Dex: 14    Spells: 0 memorised, 2 levels left

rFire  . . .     SeeInvis .     j - +0 quarterstaff (curse)
rCold  . . .     Gourm    .     h - +0 scale mail
rNeg   . . .     Faith    .     (shield currently unavailable)
rPois  .         Spirit   .     c - +0 helmet
rElec  .         Dismiss  .     (no cloak)
rCorr  .         Reflect  .     (no gloves)
SustAt .         Harm     .     (no boots)
MR     .....                    (no amulet)
Stlth  ..........               (no ring)
                                (no ring)

@: very slightly contaminated, non-regenerating, not resistant to hostile
enchantments, extremely unstealthy
A: damage resistance, recharge devices, sense surroundings 1, slow regeneration
3
a: Device Recharging


You were on level 3 of the Dungeon.
You were not hungry.

You visited 1 branch of the dungeon, and saw 3 of its levels.

You collected 20 gold pieces.


Innate Abilities, Weirdness & Mutations

You are resistant to damage.
You can recharge devices by infusing magical energy.
You passively map a small area around you.
You do not regenerate naturally.


   Skills:
 - Level 1.7 Fighting
 + Level 4.6 Axes
 - Level 1.7 Throwing
 - Level 3.2 Dodging


You had 2 spell levels left.
You didn't know any spells.

Inventory:

Hand Weapons
 a - a +0 war axe
 j - a cursed +0 quarterstaff (weapon)
Missiles
 d - 3 throwing nets (quivered)
Armour
 c - a +0 helmet (worn)
 h - a +0 scale mail (worn)
Wands
 e - a wand of heal wounds (5/9)
Scrolls
 i - a scroll of noise
Potions
 g - a potion of curing {unknown}
Comestibles
 f - a bread ration

Dungeon Overview and Level Annotations

Branches:
Dungeon (3/15)

Altars:
Cheibriados


Message History

The worm is lightly wounded.
The worm bites you but does no damage.
You hit the worm but do no damage.
The worm is lightly wounded.
The worm barely misses you.
You hit the worm.
The worm is heavily wounded.
The worm closely misses you.
You hit the worm.
The worm is severely wounded.
You hit the worm.
The worm is severely wounded.
The worm barely misses you.
You sock the worm!
You kill the worm!
You see here a worm corpse.
A giant newt comes into view.
Found 9 gold pieces.
You open the door.
There is an open door here.
You open the door.
You flicker for a moment.
There is an open door here.
You sock the giant newt!
You kill the giant newt!
You have reached level 3!
Your experience leads to an increase in your attributes!
Increase (S)trength, (I)ntelligence, or (D)exterity?
You feel agile.
There is an open door here.
You see here a giant newt corpse.
You flicker back into view.
A quokka comes into view.
Found a scroll of identify.
A quokka is nearby!
A quokka is nearby!
A quokka is nearby!
A quokka is nearby!
The quokka barely misses you.
The quokka bites you but does no damage.
The quokka closely misses you.
The quokka bites you but does no damage.
You barely miss the quokka.
The quokka bites you but does no damage.
The quokka completely misses you.
You miss the quokka.
The quokka bites you but does no damage.
You sock the quokka!
You kill the quokka!
Are you sure you want to abandon this character and quit the game? (Confirm with "yes".)

#...# * ,
###.#.#### ## , ,,
. #............ *
.###.%########+.,,,
,
.$...#........#.##*
, *
.....#.'####+.#...
,,,* .....#.#....#
#..# *
###..#.#.##.# #.?#
#..#.#.# ,#.@#
#..#.#.. , ,#.%#
#..#.+## * #..#
#..#.. #..#
#..+########+..#
#..............#
#....#######...#
###### #####


There were no monsters in sight!

Action                   || total
-------------------------++-------
Melee: War axe           ||    35
       Quarterstaff      ||    15
  Use: Scroll            ||     3
       Potion            ||     1
 Stab: Invisible         ||     1
Armor: Leather armour    ||    22
       Scale mail        ||     8
Dodge: Dodged            ||    54

Notes
Turn   | Place    | Note
--------------------------------------------------------------
     0 | D:1      | Duffy the Deep Dwarf Gladiator began the quest for the Orb.
     0 | D:1      | Reached XP level 1. HP: 19/19 MP: 1/1
    82 | D:1      | Reached XP level 2. HP: 23/26 MP: 2/2
   136 | D:1      | Reached skill level 4 in Axes
   212 | D:2      | Found a snail-covered altar of Cheibriados.
   259 | D:3      | Reached XP level 3. HP: 22/32 MP: 3/3
   288 | D:3      | Quit the game

Skill      XL: |  1  2 |
---------------+-------+-----
Axes           | 4 |  4.6
Fighting       | |  1.7
Throwing       | |  1.7
Dodging        | |  3.2

Vault maps used:
D:1:      dpeg_arrival_rooms_c, st_stairs_12, minmay_bisected
D:2:      mumra_celtic_spiral_tile, lemuel_doored_altar,
          nicolae_overflow_hidden_temple
D:3:      kiku_gazebo_pond_becter, lemuel_coloured_pillars_altar,
          vehumet_crystals, minmay_misc_feat_diagonals, minmay_misc_feat_alley,
          minivault_11

Vanquished Creatures
  A gnoll
  A worm
  A dart slug
  A giant gecko
  A giant cockroach
  3 goblins
  A quokka
  4 bats
  A giant newt
14 creatures vanquished.
